 Dungeon Crawl Stone Soup version 0.30-a0-1161-g0704695555 (webtiles) character file.

Game seed: 12863820216577486538

29339 BubbleThief the Severer (level 13, -4/122 HPs)
             Began as a Hill Orc Fighter on Apr 27, 2023.
             Was an Elder of the Shining One.
             Slain by a death yak (18 damage)
             ... on level 3 of the Lair of Beasts on Apr 28, 2023.
             The game lasted 00:18:53 (10512 turns).

BubbleThief the Severer (Hill Orc Fighter)         Turns: 10512, Time: 00:18:54

Health: -4/122     AC: 14    Str: 24    XL:     13   Next: 44%
Magic:  16/18      EV: 10    Int:  8    God:    the Shining One [****..]
Gold:   737        SH: 15    Dex: 10    Spells: 12/12 levels left

rFire   . . .        o - +3 war axe (flame)
rCold   . . .        c - +0 buckler
rNeg    + + .        A - +0 ring mail {rPois}
rPois   +            y - +1 helmet
rElec   .            (no cloak)
rCorr   .            (no gloves)
SInv    .            (no boots)
Will    +....        f - amulet of regeneration Stlth
                     n - ring of willpower
HPRegen 1.20/turn    u - +4 ring of protection
MPRegen 0.16/turn

%: no passive effects
@: divinely shielded, glowing, studying Stealth
A: no striking features
a: Renounce Religion, Divine Shield, Cleansing Flame


You were on level 3 of the Lair of Beasts.
You worshipped the Shining One.
The Shining One was greatly pleased with you.
You visited 2 branches of the dungeon, and saw 14 of its levels.

You collected 806 gold pieces.
You spent 69 gold pieces at shops.

Inventory:

Hand Weapons
 a - a +1 war axe of venom
 o - a +3 war axe of flaming (weapon)
 x - a +1 broad axe
Missiles
 D - a throwing net (quivered)
Armour
 c - a +0 buckler (worn)
 y - a +1 helmet (worn)
 A - a +0 ring mail of poison resistance (worn)
Jewellery
 f - an amulet of regeneration (around neck)
 n - a ring of willpower (left hand)
 q - a ring of ice
 r - a ring of protection from cold
 u - a +4 ring of protection (right hand)
 B - a ring of resist corrosion
Wands
 b - a wand of quicksilver (8)
 p - a wand of polymorph (2)
 C - a wand of flame (25)
 F - a wand of paralysis (4)
Scrolls
 h - a scroll of identify
 l - 2 scrolls of enchant weapon
 m - 2 scrolls of fog
 t - 2 scrolls of blinking
Potions
 d - 2 potions of flight
 e - 3 potions of heal wounds
 g - 3 potions of attraction
 i - 2 potions of ambrosia {unknown}
 j - 6 potions of curing
 k - 3 potions of mutation
 s - a potion of magic {unknown}
 v - a potion of brilliance
 w - 3 potions of invisibility
 z - 3 potions of lignification
 E - 3 potions of berserk rage {unknown}
 G - a potion of haste {unknown}


   Skills:
 + Level 13.5 Fighting
 - Level 16.0 Axes
 + Level 11.8 Armour
 + Level 11.8 Shields
 - Level 7.0 Invocations


You had 12 spell levels left.
You didn't know any spells.
Your spell library contained the following spells:

 Spells                   Type           Power      Damage    Failure   Level
 Gell's Gravitas          Tloc           0%         N/A       90%         3
 Teleport Other           Tloc           0%         N/A       90%         3
 Cause Fear               Hex            0%         N/A       100%        4
 Dispersal                Tloc           0%         N/A       100%        6
 Dragon Form              Tmut           0%         N/A       100%        7
 Dragon's Call            Summ           0%         N/A       100%        9


Dungeon Overview and Level Annotations

Branches:
Dungeon (10/15)            Temple (0/1) D:5            Lair (4/5) D:10
  Swamp (0/4) Lair:3       Spider (0/4) Lair:3        Slime (0/5) Lair:4
    Orc: D:9-12

Altars:
Dithmenos
Nemelex Xobeh
Wu Jian
Xom
Yredelemnul
The Shining One
Jiyva

Shops:
D:4 *   D:6 :

Annotations:
D:7 3 runed translucent doors, kiwi3s's ghost, novice MiBe
D:9 1 runed translucent door, SirDiesAlot's ghost, journeyman OgVM
D:10 2 runed translucent doors, avangion's ghost, journeyman GnCj
Lair:3 exclusion: oklob plant


Message History

* * * LOW HITPOINT WARNING * * *
You completely miss the death yak.
The death yak is lightly wounded.
You hit the bush but do no damage. You slash the death yak!
You burn the death yak.
The death yak is moderately wounded.
You hit the bush but do no damage. You block the death yak's attack.
You hit the death yak. You burn the death yak.
The death yak is heavily wounded.
You hit the bush but do no damage. The death yak gores you!!
* * * LOW HITPOINT WARNING * * *
You feel much better. The death yak gores you!
* * * LOW HITPOINT WARNING * * *
Unknown command.
You hit the death yak but do no damage.
The death yak is heavily wounded.
You hit the bush but do no damage. You hit the death yak but do no damage.
The death yak is heavily wounded.
You hit the bush. You burn the bush. You block the death yak's attack.
You hit the death yak but do no damage.
The death yak is heavily wounded.
You hit the bush but do no damage.
The death yak gores you but does no damage.
You slash the death yak! You burn the death yak.
The death yak is severely wounded.
You slash the bush! You burn the bush! The death yak gores you!
* * * LOW HITPOINT WARNING * * *
You slash the death yak! You burn the death yak.
The death yak is almost dead.
You hit the bush. You burn the bush. You hit the death yak.
You burn the death yak.
The death yak is almost dead.
You hit the bush but do no damage.
You are no longer corroded.
The death yak gores you but does no damage.
You hit the death yak but do no damage.
The death yak is almost dead.
You hit the bush but do no damage. The death yak gores you!!
You die...

.........##.##..##.P.P#.#...#..PP
.................................
.P#....####..#####.......##..#..#
.................................
###.........#.^..>...#......##.##
##....P.....#............##..#.##
...................(.............
.#...........#.Y###..P((...###...
...............#@P...(P......#..#
.......................(.........
.....P.........P#.#.........#..P.
..................#.......P#.##..
.................................
P.............###...#.####..###..
##...........#.#..##..#.#..#.##.#
.................................
.....#.#.#......#P.P.............


You could see a death yak.

Vanquished Creatures
  A catoblepas (Lair:2)
  2 hydras (Lair:3)
  A two-headed ogre (D:9)
  A death yak (Lair:2)
  Amaemon (D:8)
  An ugly thing (D:9)
  4 elephants (Lair:2)
  Maurice (D:8)
  3 black mambas (Lair:1)
  2 torpor snails
  An orange demon (D:8)
  Psyche (D:10)
  Maggie (D:10)
  13 cane toads
  5 komodo dragons
  3 rime drakes
  A meliai (Lair:3)
  A polar bear (Lair:1)
  Grinder (D:6)
  16 blink frogs
  Sigmund (D:2)
  34 yaks
  2 wyverns
  A wraith (D:10)
  A steam dragon (D:8)
  Grum (D:10)
  A basilisk (Lair:3)
  An acid dragon (D:8)
  5 water moccasins
  2 orc warriors
  2 black bears
  A sky beast (D:7)
  An ice beast (D:6)
  2 ogres
  22 wolves
  4 centaurs (D:9)
  2 phantoms (D:6)
  2 kobold brigands
  2 scorpions
  8 bullfrogs
  9 wights
  4 killer bees
  A howler monkey (D:4)
  2 electric eels (Lair:1)
  2 centaur zombies (D:7)
  6 orc priests
  4 jellies
  4 hounds
  A gnoll bouda (D:6)
  4 iguanas
  A sleepcap (D:6)
  5 orc wizards
  6 hell rats (Lair:1)
  6 gnolls
  6 adders
  A shadow imp (D:5)
  4 white imps
  An ufetubus (D:6)
  3 worms
  3 dart slugs
  24 orcs
  9 endoplasms
  2 giant cockroaches
  6 hobgoblins
  5 jackals
  18 kobolds
  3 quokkas
  9 ball pythons
  6 bats
  2 frilled lizards
  9 goblins
  8 rats
  2 butterflies (Lair:3)
331 creatures vanquished.

Vanquished Creatures (others)
  5 fungi
  15 plants
  2 withered plants (D:9)
22 creatures vanquished.

Grand Total: 353 creatures vanquished

Notes
Turn   | Place    | Note
-------+----------+-------------------------------------------
     0 | D:1      | BubbleThief the Hill Orc Fighter began the quest for the
                  | Orb.
     0 | D:1      | Reached XP level 1. HP: 19/19 MP: 1/1
    54 | D:1      | Reached skill level 3 in Axes
    90 | D:1      | Reached XP level 2. HP: 26/27 MP: 2/2
   987 | D:2      | Reached XP level 3. HP: 34/34 MP: 3/3
  1138 | D:2      | Reached skill level 4 in Axes
  1421 | D:2      | Noticed Sigmund
  1430 | D:2      | Killed Sigmund
  1431 | D:2      | Reached skill level 5 in Fighting
  1431 | D:2      | Reached skill level 5 in Axes
  1431 | D:2      | Reached XP level 4. HP: 37/44 MP: 4/4
  1431 | D:2      | Reached XP level 5. HP: 42/50 MP: 5/5
  1790 | D:3      | Identified the +10 morningstar of Oenomania {freeze, rC+
                  | rN+ Str-2}
  1928 | D:3      | Reached XP level 6. HP: 57/57 MP: 6/6
  2572 | D:4      | Found a transporter.
  2572 | D:4      | Found Axi Nil's Assorted Antiques.
  2576 | D:4      | Found a transporter.
  2803 | D:4      | Found a shadowy altar of Dithmenos.
  2844 | D:4      | Reached XP level 7. HP: 64/64 MP: 7/7
  3260 | D:5      | Entered Level 5 of the Dungeon
  3425 | D:5      | Reached skill level 5 in Shields
  3499 | D:5      | Reached skill level 5 in Armour
  3502 | D:5      | Found a glowing golden altar of the Shining One.
  3504 | D:5      | Found an ornate altar of the Wu Jian Council.
  3512 | D:5      | Became a worshipper of the Shining One
  3521 | D:5      | Found a staircase to the Ecumenical Temple.
  3633 | D:5      | Reached XP level 8. HP: 73/73 MP: 8/8
  4070 | D:6      | Found a shimmering altar of Xom.
  4115 | D:6      | Found Vydiwkem's Book Shoppe.
  4139 | D:6      | Noticed Grinder
  4162 | D:6      | Killed Grinder
  4264 | D:6      | Reached XP level 9. HP: 82/82 MP: 9/9
  4309 | D:6      | Found a sparkling altar of Nemelex Xobeh.
  4486 | D:6      | Reached * piety under the Shining One
  4730 | D:4      | Bought a yellow potion for 22 gold pieces
  4730 | D:4      | Bought a scroll labelled XISHOI FEIPS for 25 gold pieces
  4730 | D:4      | Bought a fuming yellow potion for 22 gold pieces
  4812 | D:7      | Found a runed translucent gate.
  4812 | D:7      | Found a runed translucent gate.
  4812 | D:7      | Found a runed translucent gate.
  4812 | D:7      | Noticed kiwi3s's ghost (novice MiBe)
  4814 | D:7      | Found a basalt altar of Yredelemnul.
  5694 | D:8      | Noticed Maurice
  5780 | D:8      | Killed Maurice
  5785 | D:8      | Reached ** piety under the Shining One
  5786 | D:8      | Reached skill level 10 in Fighting
  5849 | D:8      | Reached XP level 10. HP: 65/94 MP: 10/10
  5914 | D:8      | Noticed an orange demon
  5915 | D:8      | Noticed Amaemon
  5926 | D:8      | Killed Amaemon
  5932 | D:8      | Killed an orange demon
  6249 | D:8      | You fall into a shaft and drop 1 floor!
  6335 | D:9      | Noticed a two-headed ogre
  6346 | D:9      | Killed a two-headed ogre
  6347 | D:9      | Reached skill level 7 in Axes
  6428 | D:9      | Reached skill level 8 in Axes
  6443 | D:9      | Found a runed translucent door.
  6447 | D:9      | Noticed SirDiesAlot's ghost (journeyman OgVM)
  6511 | D:9      | Noticed a cyclops
  6511 | D:9      | Noticed a white ugly thing
  6511 | D:9      | Noticed a cyclops
  6512 | D:9      | Noticed a boulder beetle
  6514 | D:9      | Noticed a red ugly thing
  6515 | D:9      | Noticed a cyclops
  6539 | D:9      | Killed a white ugly thing
  6540 | D:9      | Reached skill level 9 in Axes
  6593 | D:10     | Entered Level 10 of the Dungeon
  6676 | D:10     | Found a runed translucent door.
  6679 | D:10     | Noticed a necromancer
  6680 | D:10     | Noticed a centaur warrior
  6680 | D:10     | Noticed a seven-headed hydra
  6681 | D:10     | Noticed an ogre mage
  6681 | D:10     | Noticed a skeletal warrior
  6681 | D:10     | Noticed a lich
  6681 | D:10     | Noticed avangion's ghost (journeyman GnCj)
  6683 | D:10     | Noticed a skeletal warrior
  6687 | D:10     | Found the +5 scythe "Finisher" {speed, execute}
  6691 | D:10     | Found a runed translucent door.
  6700 | D:10     | Identified a scroll of acquirement
  6700 | D:10     | Acquired a +3 war axe of flaming
  6835 | D:10     | Noticed Grum
  6842 | D:10     | Reached *** piety under the Shining One
  6847 | D:10     | Reached skill level 10 in Axes
  6866 | D:10     | Killed Grum
  6872 | D:10     | Reached XP level 11. HP: 101/102 MP: 11/11
  6876 | D:10     | Reached skill level 11 in Axes
  7155 | D:10     | Noticed Psyche
  7166 | D:10     | Killed Psyche
  7167 | D:10     | Reached skill level 12 in Axes
  7178 | D:10     | Found a staircase to the Lair.
  7188 | D:10     | Noticed Maggie
  7197 | D:10     | Killed Maggie
  7397 | Lair:1   | Entered Level 1 of the Lair of Beasts
  7488 | Lair:1   | Reached skill level 13 in Axes
  7614 | Lair:1   | Reached **** piety under the Shining One
  7624 | Lair:1   | Reached skill level 14 in Axes
  7855 | Lair:1   | Reached skill level 15 in Axes
  8046 | Lair:1   | Reached skill level 16 in Axes
  8046 | Lair:1   | Reached XP level 12. HP: 101/110 MP: 12/12
  8052 | Lair:1   | Reached skill level 1 in Invocations
  8755 | Lair:2   | Reached skill level 10 in Shields
  8756 | Lair:2   | Reached skill level 10 in Armour
  8879 | Lair:2   | Reached skill level 5 in Invocations
  9209 | Lair:2   | Noticed a death yak
  9209 | Lair:2   | Noticed a death yak
  9210 | Lair:2   | Noticed a death yak
  9212 | Lair:2   | Noticed a catoblepas
  9212 | Lair:2   | Noticed a death yak
  9245 | Lair:2   | Noticed a death yak
  9250 | Lair:2   | Killed a death yak
  9369 | Lair:2   | Killed a catoblepas
  9370 | Lair:2   | Reached XP level 13. HP: 102/119 MP: 16/18
  9880 | Lair:3   | Found a hole to the Spider Nest.
 10042 | Lair:3   | Found a staircase to the Swamp.
 10487 | Lair:4   | Found a staircase to the Slime Pits.
 10487 | Lair:4   | Found a viscous altar of Jiyva.
 10512 | Lair:3   | Slain by a death yak

Illustrated notes

Levels and vault maps discovered:
D:1:      minmay_arrival_five_plusses, layout_basic
D:2:      layout_basic, uniq_sigmund
D:3:      minmay_general_purpose_star, layout_loops_ring, minmay_cut_off
D:4:      layout_loops_ring, mainiacjoe_overflow_catwalk, serial_shops,
          nicolae_shop_drivethru, kennysheep_cluttered_room, minmay_manual_mess
D:5:      layout_loops_ring, chequers_temple_overflow_statue_of_worship,
          minmay_temple_entry_water_ring
D:6:      layout_rooms, tgw_xom, mainiacjoe_overflow_paths, serial_shops, shop,
          kennysheep_another_room, minmay_splitting_lines, uniq_grinder
D:7:      layout_basic, nicolae_yredelemnul_ghost_church, hex_tiny
D:8:      layout_gridville, mainiacjoe_overflow_alcove_2, uniq_amaemon,
          uniq_maurice
D:9:      minmay_the_grid_triangle_9x9_recursive_2
          [minmay_the_grid_triangle_9x9_prize_center,
          minmay_the_grid_triangle_9x9_warning,
          minmay_the_grid_triangle_9x9_zippers_vertical,
          minmay_the_grid_triangle_9x9_sparse_checkered], layout_stronghold,
          gammafunk_ghost_grave, uniq_pikel
D:10:     layout_long_grid, lair_entry_dummy, muffindrake_ghost_dual_entry,
          uniq_maggie, uniq_grum, uniq_psyche
Lair:1:   layout_misc_corridors, minmay_hedge_maze, serial_bayou_shore_b,
          serial_bayou_shore_a, lemuel_fruit_fields, grunt_megastairs_3,
          infiniplex_staircase_pool, serial_bayou_shore_b
Lair:2:   layout_chaotic_city, beast_lair_carwin_4, grunt_megastairs_5,
          infiniplex_staircase_pool_2
Lair:3:   layout_long_grid, swamp_mist_pool, hellmonk_spider_entry_not_the_bees,
          lemuel_fruit_tree, lemuel_fruit_fields
Lair:4:   dreamdust_labyrinth, layout_regular_city,
          nicolae_slime_entry_field_trip, grunt_megastairs_1, uniq_josephine,
          uniq_nessos

Skill      XL: |  1  2  3  4  5  6  7  8  9 10 11 12 13 |
---------------+----------------------------------------+-----
Axes           | 3 5 10 16 | 16.0
Fighting       | 4 5 6 7 8 10 11 12 13 | 13.5
Shields        | 4 5 6 8 9 11 | 11.8
Armour         | 4 5 6 8 9 11 | 11.8
Invocations    | 6 7 |  7.0

Action                     |  1- 3 |  4- 6 |  7- 9 | 10-12 | 13-15 || total
---------------------------+-------+-------+-------+-------+-------++-------
  Melee: War axe           |    76 |     9 |       |   376 |   117 ||   578
         Morningstar       |       |    75 |   190 |    34 |       ||   299
 Invoke: Divine Shield     |       |       |       |     2 |     1 ||     3
  Evoke: Wand              |       |       |       |     2 |       ||     2
    Use: Potion            |     1 |       |       |       |     1 ||     2
         Scroll            |       |       |    16 |     5 |     2 ||    23
 Armour: Scale mail        |    26 |    33 |   127 |     3 |       ||   189
         Ring mail         |       |       |       |   133 |    52 ||   185
  Dodge: Dodged            |    32 |    33 |    93 |   177 |    39 ||   374
  Block: Buckler           |    20 |    19 |    66 |   104 |    30 ||   239

Table legend: (Time is in decaauts)
 A = Elapsed time spent in this place.
 B = Non-inter-level travel time spent in this place.
 C = Inter-level travel time spent in this place.
 D = Time resting spent in this place.
 E = Time spent auto-exploring this place.
 F = Levels seen in this place.
 G = Mean time per level.
                   A        B        C        D        E       F      G
               +--------+--------+--------+--------+--------+-----+--------+
         Total |  10606 |  10113 |    493 |    141 |   7940 |  14 |  757.6 |
       Dungeon |   7557 |   7140 |    417 |      5 |   5745 |  10 |  755.7 |
          Lair |   3049 |   2973 |     76 |    136 |   2195 |   4 |  762.2 |
               +--------+--------+--------+--------+--------+-----+--------+

Top non-repeatable levels by time:
  Lair:1: 1205 daAuts
     D:2: 1031 daAuts
  Lair:2: 1023 daAuts
     D:7: 935 daAuts
     D:4: 827 daAuts
     D:3: 826 daAuts
  Lair:3: 816 daAuts
    D:10: 800 daAuts
     D:5: 786 daAuts
     D:6: 724 daAuts
     D:1: 711 daAuts
     D:8: 561 daAuts
     D:9: 351 daAuts
  Lair:4: 3 daAuts
